 Dungeon Crawl Stone Soup version 0.23.0 (webtiles) character file.

Game seed: 741296266276391245

258 misha the Cudgeler (level 5, -6/48 HPs)
             Began as a Minotaur Monk on Feb 16, 2019.
             Mangled by an ogre
             ... wielding a +0 giant club
              (16 damage)
             ... on level 4 of the Dungeon.
             The game lasted 00:25:47 (3264 turns).

misha the Cudgeler (Minotaur Monk)                  Turns: 3264, Time: 00:25:48

Health: -6/48      AC:  2    Str: 17    XL:     5   Next: 94%
Magic:  4/4        EV: 13    Int:  7    God:
Gold:   183        SH:  0    Dex: 12    Spells: 4/4 levels left

rFire    . . .     SeeInvis .   a - +0 mace
rCold    . . .     Gourm    .   (no shield)
rNeg     . . .     Faith    .   b - +0 robe
rPois    .         Spirit   .   (helmet restricted)
rElec    .         Reflect  .   (no cloak)
rCorr    .         Harm     .   (no gloves)
MR       .....                  (no boots)
Stlth    ++........             (no amulet)
HPRegen  0.16/turn              (no ring)
MPRegen  0.09/turn              (no ring)

@: no status effects
A: retaliatory headbutt, horns 2
a: no special abilities


You were on level 4 of the Dungeon.
You were hungry.

You visited 1 branch of the dungeon, and saw 4 of its levels.

You collected 183 gold pieces.

Inventory:

Hand Weapons
 a - a +0 mace (weapon)
Armour
 b - a +0 robe (worn)
Jewellery
 q - an uncursed ring of poison resistance {unknown}
Scrolls
 d - 3 scrolls of noise {unknown}
 e - 3 scrolls of remove curse {unknown}
 f - 2 scrolls of fear {unknown}
 g - 5 scrolls of identify {unknown}
 i - a scroll of immolation {unknown}
 j - a scroll of enchant weapon {unknown}
 k - 2 scrolls of enchant armour {unknown}
 l - 3 scrolls of teleportation {unknown}
 o - a scroll of magic mapping {unknown}
Potions
 h - 2 potions of haste {unknown}
 m - 2 potions of flight {unknown}
 n - 2 potions of heal wounds {unknown}
 p - a potion of mutation {unknown}
Comestibles
 c - 2 rations


   Skills:
 + Level 5.5 Fighting
 * Level 6.4 Maces & Flails
 - Level 3.7 Dodging
 - Level 1.7 Stealth


You had 4 spell levels left.
You didn't know any spells.
Your spell library was empty.

Dungeon Overview and Level Annotations

Branches:
Dungeon (4/15)
 Temple: D:4-7

Altars:


Innate Abilities, Weirdness & Mutations

You reflexively headbutt those who attack you in melee.
You have a pair of horns on your head.


Message History

The bullfrog skeleton hits you. The ogre hits you with a +0 giant club!
You hit the ogre.
The ogre is moderately wounded.
The bullfrog skeleton hits you. x2; The ogre closely misses you.
You are too injured to fight recklessly!
You are too injured to fight recklessly!
You are too injured to fight recklessly!
You are too injured to fight recklessly!
You are too injured to fight recklessly!
You are too injured to fight recklessly!
The bullfrog skeleton hits you. x2
* * * LOW HITPOINT WARNING * * *
You sock the bullfrog skeleton!
You headbutt the bullfrog skeleton, but do no damage.
The bullfrog skeleton is moderately damaged.
The bullfrog skeleton hits you but does no damage.
You hit the bullfrog skeleton. You headbutt the bullfrog skeleton.
The bullfrog skeleton is heavily damaged.
The ogre hits you with a +0 giant club!
You die...

#### ...### ....
#..# ##..# #...#
######...#######..
......[..Z.......#
.#.###...O@.....#
##.##..#######.#
#......#########
#...............#
##.###..######.##
# #..# #..# #....
#.## .....# # #.#
.###### #.##.###


You could see an ogre and a bullfrog skeleton.

Vanquished Creatures
  A scorpion (D:4)
  2 orc wizards (D:4)
  2 worker ants (D:4)
  5 adders
  An ooze (D:1)
  A worm (D:2)
  A dart slug (D:1)
  2 leopard geckos
  2 orcs
  3 giant cockroaches
  6 goblins
  6 hobgoblins
  2 jackals (D:1)
  6 kobolds
  3 quokkas
  3 ball pythons
  3 bats
  4 frilled lizards
  2 rats (D:2)
55 creatures vanquished.

Notes
Turn   | Place    | Note
-------+----------+-------------------------------------------
     0 | D:1      | misha the Minotaur Monk began the quest for the Orb.
     0 | D:1      | Reached XP level 1. HP: 19/19 MP: 0/0
   127 | D:1      | Reached XP level 2. HP: 27/27 MP: 1/1
   421 | D:1      | Reached skill level 4 in Maces & Flails
   421 | D:1      | Reached XP level 3. HP: 4/33 MP: 2/2
  1670 | D:2      | Reached XP level 4. HP: 41/41 MP: 3/3
  1834 | D:2      | Noticed an ogre
  2349 | D:3      | Reached skill level 5 in Maces & Flails
  2376 | D:4      | HP: 1/41 [quokka (5)]
  2796 | D:4      | Reached skill level 5 in Fighting
  2799 | D:4      | Reached XP level 5. HP: 20/48 MP: 4/4
  2801 | D:4      | Reached skill level 6 in Maces & Flails
  3254 | D:4      | Noticed an ogre
  3264 | D:4      | Mangled by an ogre

Skill      XL: |  1  2  3  4  5 |
---------------+----------------+-----
Fighting       | 4 5 |  5.5
Maces & Flails | 4 5 6 |  6.4
Dodging        | |  3.7
Stealth        | |  1.7

Action                   |  1- 3 |  4- 6 || total
-------------------------+-------+-------++-------
Melee: Mace              |    77 |    48 ||   125
       Headbutt          |    12 |    10 ||    22
 Stab: Sleeping          |     2 |       ||     2
  Eat: Ration            |     1 |     1 ||     2
Armor: Robe              |    10 |     9 ||    19
Dodge: Dodged            |    59 |    34 ||    93
